 Dungeon Crawl Stone Soup version 0.21.0-3-g78d12a8 (webtiles) character file.

12547 Ghouzt the Cleaver (level 12, -1/97 HPs)
             Began as a Human Berserker on Jan 11, 2018.
             Was a High Priest of Trog.
             Killed from afar by an electric eel (3 damage)
             ... with a bolt of electricity
             ... on level 12 of the Dungeon.
             The game lasted 00:38:15 (11770 turns).

Ghouzt the Cleaver (Human Berserker)               Turns: 11770, Time: 00:38:16

Health: -1/97      AC: 13    Str: 20    XL:     12   Next: 21%
Magic:  12/12      EV: 17    Int:  8    God:    Trog [*****.]
Gold:   280        SH: 13    Dex: 23    Spells: 11/11 levels left

rFire    . . .     SeeInvis .   t - +4 hand axe (freeze)
rCold    . . .     Gourm    .   F - +1 buckler
rNeg     . . .     Faith    .   R - +4 ring mail {rPois}
rPois    +         Spirit   .   (no helmet)
rElec    .         Reflect  +   a - scarf {cloud immunity}
rCorr    .         Harm     .   w - +0 pair of gloves
MR       ++...                  r - +0 pair of boots
Stlth    +.........             C - +6 amulet of reflection
HPRegen  1.26/turn              l - +5 ring of dexterity
MPRegen  0.13/turn              i - +3 ring of dexterity

@: regenerating
A: no striking features
a: Berserk, Trog's Hand, Brothers in Arms, Burn Spellbooks, Renounce Religion


You were on level 12 of the Dungeon.
You worshipped Trog.
Trog was extremely pleased with you.
You were not hungry.

You visited 1 branch of the dungeon, and saw 12 of its levels.

You collected 614 gold pieces.
You spent 334 gold pieces at shops.

Inventory:

Hand Weapons
 t - a +4 hand axe of freezing (weapon)
 u - a -3 broad axe
Armour
 a - a scarf of cloud immunity (worn)
 r - a +0 pair of boots (worn)
 w - a +0 pair of gloves (worn)
 F - a +1 buckler (worn)
 R - a +4 ring mail of poison resistance (worn)
Jewellery
 d - an uncursed ring of see invisible {unknown}
 f - an uncursed ring of protection from cold {unknown}
 i - a +3 ring of dexterity (right hand)
 l - a +5 ring of dexterity (left hand)
 B - an uncursed ring of flight
 C - a +6 amulet of reflection (around neck)
 O - an uncursed ring of magical power
 P - an uncursed ring of stealth
Wands
 b - a wand of iceblast (6)
 o - a wand of random effects (48)
 y - a wand of enslavement (23)
 D - a wand of polymorph (30)
 L - a wand of acid (6)
Scrolls
 e - 2 scrolls of identify
 h - 2 scrolls of fog
 m - 4 scrolls of blinking
 q - 5 scrolls of remove curse
 z - 3 scrolls of teleportation
 A - 2 scrolls of random uselessness
 E - 3 scrolls of amnesia
 I - 3 scrolls of immolation
Potions
 g - a potion of degeneration
 k - 2 potions of berserk rage {unknown}
 n - 2 potions of magic {unknown}
 p - 7 potions of curing
 s - 3 potions of agility
 x - 2 potions of heal wounds {unknown}
 G - a potion of lignification {unknown}
 H - 3 potions of mutation {unknown}
 K - a potion of ambrosia {unknown}
Miscellaneous
 N - a phantom mirror
Comestibles
 c - 27 rations
 j - 4 chunks of flesh


   Skills:
 - Level 10.2 Fighting
 + Level 12.5 Axes
 + Level 6.9 Armour
 + Level 7.1 Dodging
 + Level 3.4 Shields


You had 11 spell levels left.
You didn't know any spells.

Dungeon Overview and Level Annotations

Branches:
Dungeon (12/15)            Temple (0/1) D:6            Lair (0/6) D:11
    Orc (0/2) D:11

Altars:
Makhleb
Ru
Sif Muna
Zin

Shops:
D:4 ?   D:9 }   D:12 ([


Message History

You feel better.
The electric eel shoots out a bolt of lightning at you!
The bolt of electricity hits you!
* * * LOW HITPOINT WARNING * * *
Okay, then.
Your skin crawls.
You feel resistant to hostile enchantments.
You feel somewhat more hungry.
The electric eel shoots out a bolt of lightning at you!
The bolt of electricity hits the electric eel.
The electric eel completely resists.
The bolt of electricity hits you!
* * * LOW HITPOINT WARNING * * *
You feel better.
The electric eel shoots out a bolt of lightning at you!
The bolt of electricity hits you!
* * * LOW HITPOINT WARNING * * *
The electric eel shoots out a bolt of lightning at you!
The bolt of electricity hits the electric eel.
The electric eel completely resists.
The bolt of electricity hits you!
You die...

#≈≈≈ ##≈≈≈≈ .. #≈≈≈≈≈≈
#.... ####≈≈≈≈≈≈≈
#.... ≈≈≈≈≈≈≈≈≈≈
#...!########;;≈≈≈≈≈≈≈
.............≈≈≈≈≈≈≈≈
# #......@......≈≈≈≈≈≈
..
#..............##≈≈≈
#.##..............#
.......).............
#.##..............###
...+..............+
#.##..∩...........#
#.##..............#
#.##...#'#........


You could see 2 electric eels.

Vanquished Creatures
  A hydra (D:8)
  4 two-headed ogres
  Pikel (D:4)
  A manticore (D:12)
  The ghost of Dyss the Insei, a novice GnTm (D:5)
  The ghost of aimeelou the Conjurer, a novice DrCj (D:6)
  Grinder (D:4)
  Prince Ribbit (D:8)
  2 dream sheep (D:8)
  A hippogriff (D:8)
  2 yaks (D:8)
  A wraith (D:10)
  Eustachio (D:6)
  Grum (D:9)
  2 vampire mosquitoes (D:12)
  3 water moccasins
  6 orc warriors
  A black bear (D:7)
  An ice beast (D:10)
  2 sky beasts
  A phantom (D:6)
  6 ogres
  2 wolves (D:9)
  3 centaurs
  Blork the orc (D:6)
  A crocodile (D:9)
  4 big kobolds
  11 bullfrogs
  6 scorpions
  17 killer bees
  4 howler monkeys
  An electric eel (D:11)
  A bullfrog zombie (D:8)
  The ghost of Ignatius881 the Magician, a weakling DEWz (D:3)
  3 quasits
  5 hounds
  3 jellies
  Crazy Yiuf (D:3)
  2 bullfrog skeletons
  7 orc priests
  5 orc wizards
  5 iguanas
  9 worker ants
  2 hound skeletons (D:4)
  10 adders
  A shadow imp (D:5)
  An ooze (D:6)
  2 adder zombies
  2 adder skeletons (D:6)
  3 worms (D:2)
  4 dart slugs (D:1)
  7 leopard geckos
  52 orcs
  4 ball pythons
  11 bats
  9 giant cockroaches
  8 goblins
  4 hobgoblins
  9 jackals
  3 quokkas
  7 frilled lizards
  A jackal zombie (D:8)
  4 kobolds
  A quokka skeleton (D:6)
  2 quokka zombies
  12 rats
  2 plants (D:11)
294 creatures vanquished.

Notes
Turn   | Place    | Note
-------+----------+-------------------------------------------
     0 | D:1      | Ghouzt the Human Berserker began the quest for the Orb.
     0 | D:1      | Reached XP level 1. HP: 18/18 MP: 1/1
    61 | D:1      | Reached XP level 2. HP: 18/24 MP: 2/2
   246 | D:1      | Reached XP level 3. HP: 21/29 MP: 3/3
   503 | D:1      | Reached skill level 4 in Axes
   793 | D:2      | Reached ** piety under Trog
   920 | D:2      | Found a faded altar of an unknown god.
   926 | D:2      | Found a burning altar of Makhleb.
  1164 | D:2      | Reached XP level 4. HP: 35/35 MP: 4/4
  2167 | D:3      | Reached XP level 5. HP: 31/41 MP: 5/5
  2172 | D:3      | Reached skill level 5 in Axes
  2299 | D:3      | Noticed Ignatius881's ghost (weakling DEWz)
  2312 | D:3      | Killed Ignatius881's ghost
  2415 | D:3      | Reached XP level 6. HP: 32/48 MP: 6/6
  2586 | D:3      | Found a runed door.
  2848 | D:3      | Reached *** piety under Trog
  2956 | D:3      | Found a deep blue altar of Sif Muna.
  3272 | D:3      | Noticed Crazy Yiuf
  3278 | D:3      | Killed Crazy Yiuf
  3278 | D:3      | Reached skill level 6 in Axes
  3430 | D:4      | Found Caudal's Magic Scroll Emporium.
  3476 | D:4      | Bought a scroll of enchant armour for 82 gold pieces
  3500 | D:4      | Noticed Grinder
  3518 | D:4      | Killed Grinder
  3518 | D:4      | Reached skill level 7 in Axes
  3518 | D:4      | Reached XP level 7. HP: 35/54 MP: 7/7
  3576 | D:4      | Noticed Pikel
  3586 | D:4      | Killed Pikel
  3586 | D:4      | Reached skill level 8 in Axes
  3586 | D:4      | Reached XP level 8. HP: 61/61 MP: 8/8
  3930 | D:4      | Found a glowing silver altar of Zin.
  4113 | D:5      | Entered Level 5 of the Dungeon
  4167 | D:5      | Reached skill level 9 in Axes
  4646 | D:5      | Noticed Dyss's ghost (novice GnTm)
  4660 | D:5      | Killed Dyss's ghost
  4660 | D:5      | Reached skill level 10 in Axes
  4660 | D:5      | Reached XP level 9. HP: 67/67 MP: 9/9
  4790 | D:5      | Reached skill level 5 in Fighting
  5700 | D:6      | Reached skill level 11 in Axes
  5755 | D:6      | Noticed aimeelou's ghost (novice DrCj)
  5767 | D:6      | Reached **** piety under Trog
  5777 | D:6      | Killed aimeelou's ghost
  5875 | D:6      | Found a staircase to the Ecumenical Temple.
  5937 | D:6      | Reached XP level 10. HP: 60/76 MP: 10/10
  6105 | D:6      | Noticed Eustachio
  6138 | D:6      | Killed Eustachio
  6178 | D:6      | Noticed Blork the orc
  6214 | D:6      | Killed Blork the orc
  6387 | D:6      | Reached skill level 12 in Axes
  6608 | D:7      | Reached skill level 5 in Dodging
  7519 | D:8      | Reached ***** piety under Trog
  7633 | D:8      | Noticed a two-headed ogre
  7649 | D:8      | Killed a two-headed ogre
  7696 | D:8      | Noticed Prince Ribbit
  7713 | D:8      | Killed Prince Ribbit
  8091 | D:8      | Reached XP level 11. HP: 87/87 MP: 11/11
  8148 | D:8      | Noticed a three-headed hydra
  8201 | D:8      | Killed an 11-headed hydra
  8201 | D:8      | Reached skill level 5 in Armour
  8748 | D:9      | Noticed a two-headed ogre
  8761 | D:9      | Killed a two-headed ogre
  8761 | D:9      | Reached skill level 1 in Shields
  9009 | D:9      | Found Meudwia's Gadget Shop.
  9056 | D:9      | Noticed a two-headed ogre
  9070 | D:9      | Killed a two-headed ogre
  9070 | D:9      | Reached skill level 10 in Fighting
  9165 | D:9      | Noticed Grum
  9207 | D:9      | Killed Grum
  9594 | D:10     | Entered Level 10 of the Dungeon
  9872 | D:10     | Found a sacrificial altar of Ru.
 10687 | D:11     | Reached XP level 12. HP: 97/97 MP: 12/12
 10788 | D:11     | Received a gift from Trog
 11103 | D:11     | Found a staircase to the Orcish Mines.
 11165 | D:11     | Noticed a two-headed ogre
 11185 | D:11     | Killed a two-headed ogre
 11543 | D:11     | Found a staircase to the Lair.
 11685 | D:12     | Found Sorog's Antique Armour Boutique.
 11685 | D:12     | Found Guys's Antique Weapon Shoppe.
 11735 | D:12     | Bought a glowing broad axe for 252 gold pieces
 11769 | D:12     | HP: 3/97 [electric eel/bolt of electricity (12)]
 11770 | D:12     | Killed from afar by an electric eel

Skill      XL: |  1  2  3  4  5  6  7  8  9 10 11 12 |
---------------+-------------------------------------+-----
Axes           | 4 5 7 8 10 11 12 | 12.5
Fighting       | 4 5 8 10 | 10.2
Dodging        | 3 4 5 6 7 |  7.1
Armour         | 4 6 |  6.9
Shields        | 2 3 |  3.4

Action                   |  1- 3 |  4- 6 |  7- 9 | 10-12 || total
-------------------------+-------+-------+-------+-------++-------
Melee: Hand axe          |   103 |    80 |   194 |   596 ||   973
       Battleaxe         |       |    80 |       |       ||    80
Invok: Berserk           |       |     4 |     3 |     8 ||    15
       Trog's Hand       |       |     5 |     1 |     8 ||    14
       Burn Spellbooks   |       |       |     1 |     2 ||     3
  Use: Potion            |       |     1 |     1 |     3 ||     5
       Scroll            |       |     2 |       |    13 ||    15
 Stab: Sleeping          |       |     2 |       |       ||     2
  Eat: Chunk             |     1 |     9 |    12 |    26 ||    48
       Ration            |       |     1 |       |     1 ||     2
Armor: Leather armour    |    22 |    55 |       |       ||    77
       Ring mail         |       |     6 |    34 |   107 ||   147
       Skin              |       |       |       |    18 ||    18
Dodge: Dodged            |    99 |   132 |    92 |   304 ||   627
Block: Buckler           |       |       |       |   122 ||   122
